Map: Overgrowth LE

Players

pta - Winner!

  • Race: Zerg Zerg
  • Spawn Location: 1:00

A.I. 1 (Hard)

  • Race: Terran Terran
  • Spawn Location: 7:00

VOD

Have the link to the VOD?

Description

Time

  • Played on: April 15, 2019, 12:35 p.m.
  • Length: 21:12
Show
View Real Time Build Order
Export as new Build Order

pta Zerg - Winner!

Build Orders: Hatch First, Brood Lord Corruptor, Roach Hydra 

Get SALT Encoding   

  12  0:22  Extractor  
  12  0:24  Extractor  
  10  0:38  Hatchery  
  9  0:45  Drone x2  
  11  0:50  Drone  
  12  0:57  Drone  
  13  1:11  Overlord  
  13  1:32  Spawning Pool  
  13  1:34  Drone  
  13  1:39  Drone  
  14  1:52  Drone  
  14  1:53  Drone  
  16  1:55  Drone  
  17  2:03  Drone  
  17  2:07  Drone  
  19  2:13  Drone  
  20  2:16  Drone  
  21  2:24  Drone  
  21  2:25  Drone  
  23  2:35  Roach Warren  
  22  2:41  Lair  
  22  2:45  Drone  
  22  2:46  Drone  
  24  2:53  Drone x2  
  26  3:00  Metabolic Boost  
  26  3:06  Queen  
  28  3:12  Overlord  
  28  3:16  Overlord  
  28  3:42  Roach  
  28  3:43  Roach x4  
  28  3:44  Roach  
  40  3:51  Queen  
  40  3:55  Glial Reconstitution  
  42  4:25  Drone x2  
  42  4:27  Overlord x4  
  44  4:42  Evolution Chamber  
  44  4:45  Hydralisk Den  
  42  4:47  Drone x3  
  42  4:48  Infestation Pit  
  44  5:01  Drone x2  
  44  5:02  Drone  
  47  5:07  Roach x3  
  53  5:23  Spine Crawler  
  53  5:24  Spine Crawler  
  53  5:25  Spine Crawler  
  53  5:27  Spine Crawler, Drone x2  
  51  5:34  Zerg Ground Armor Level 1  
  51  5:43  Extractor  
  51  5:46  Extractor  
  37  6:18  Roach x8  
  49  6:19  Roach  
  55  6:38  Drone  
  56  6:41  Drone  
  57  6:53  Grooved Spines  
  57  7:08  Evolution Chamber  
  57  7:10  Evolution Chamber  
  57  7:13  Drone  
  57  7:14  Drone  
  57  7:15  Drone x2  
  59  7:25  Overlord x5  
  59  7:28  Zerg Missile Weapons Level 1  
  59  7:30  Hydralisk x4  
  67  7:39  Hive  
  67  7:52  Hydralisk x2  
  67  7:53  Hydralisk  
  67  7:56  Hydralisk  
  75  8:04  Muscular Augments  
  75  8:19  Spire  
  74  8:42  Drone x2  
  74  8:44  Hatchery  
  75  8:54  Hydralisk x4  
  83  8:56  Roach  
  83  8:58  Roach  
  87  9:31  Corruptor x3  
  87  9:34  Corruptor  
  95  9:39  Drone x2  
  95  9:44  Drone  
  95  9:45  Drone  
  99  9:47  Drone  
  100  9:54  Overlord  
  90  10:25  Spine Crawler  
  89  10:28  Greater Spire  
  89  10:32  Corruptor  
  89  10:33  Corruptor  
  93  10:37  Drone x3  
  93  10:39  Drone  
  97  10:58  Extractor  
  97  11:00  Extractor, Drone x3  
  98  11:14  Zerg Missile Weapons Level 2, Zerg Ground Armor Level 2  
  98  11:16  Zerg Melee Weapons Level 1  
  98  11:26  Mutalisk x2  
  98  11:27  Mutalisk x3  
  108  11:37  Drone x3  
  111  11:49  Spine Crawler  
  111  11:52  Spine Crawler, Queen, Drone  
  111  11:53  Spine Crawler  
  111  12:00  Brood Lord  
  113  12:06  Brood Lord  
  115  12:13  Brood Lord  
  117  12:20  Brood Lord  
  119  12:27  Brood Lord  
  121  12:37  Brood Lord  
  123  13:07  Drone x3  
  123  13:08  Drone x3  
  101  13:43  Hydralisk x2  
  101  13:44  Hydralisk x3, Corruptor x2  
  101  13:45  Corruptor x2  
  119  13:57  Mutalisk x2  
  119  13:58  Mutalisk  
  125  14:13  Zergling x6  
  101  17:05  Zergling x8  
  101  17:06  Zergling x18  
  101  17:07  Zergling x18  
  101  17:08  Zergling x6  
  126  17:11  Zerg Missile Weapons Level 3, Zerg Melee Weapons Level 2  
  126  17:12  Zerg Ground Armor Level 3  
Show
View Real Time Build Order
Export as new Build Order

A.I. 1 (Hard) Terran 

Build Orders:  

Get SALT Encoding   

  12  0:00  SCV  
  13  0:13  SCV  
  14  0:19  Supply Depot  
  14  0:25  SCV  
  15  0:40  SCV  
  16  0:46  Barracks  
  16  0:49  Refinery  
  16  0:53  SCV  
  17  1:05  SCV  
  18  1:17  SCV  
  19  1:19  Supply Depot  
  19  1:29  SCV  
  20  1:33  Marine  
  21  1:41  Barracks  
  21  1:42  Orbital Command  
  21  1:49  Refinery  
  21  1:52  Barracks Tech Lab  
  21  2:05  Supply Depot  
  21  2:10  Marine  
  22  2:28  Marine x2  
  24  2:38  Supply Depot  
  24  2:45  Marine  
  24  2:46  Marine  
  24  2:51  SCV  
  27  3:03  SCV  
  27  3:04  Marauder, Engineering Bay, Marine  
  31  3:15  SCV  
  32  3:21  Marine  
  32  3:23  Supply Depot  
  32  3:25  Marine  
  34  3:27  SCV  
  35  3:39  SCV, Marine  
  37  3:43  Marauder  
  39  3:51  SCV  
  40  3:57  Marine  
  41  4:04  Marauder  
  43  5:11  Barracks Tech Lab  
  43  5:12  Stimpack, Terran Infantry Weapons Level 1  
  43  5:13  Factory  
  43  5:16  Factory  
  43  5:18  Missile Turret  
  43  5:25  Missile Turret  
  43  5:29  Concussive Shells  
  43  5:34  Command Center  
  43  5:49  Supply Depot  
  39  5:59  Factory Tech Lab, Bunker  
  39  6:00  Factory Tech Lab  
  39  6:02  Marine  
  39  6:03  Starport  
  32  6:09  Starport  
  27  6:12  Combat Shield  
  27  6:13  Marine  
  28  6:24  Marine  
  29  6:34  Marine  
  30  6:41  Starport Tech Lab  
  30  6:45  Marine  
  30  6:46  Starport Tech Lab  
  30  6:47  SCV  
  32  6:48  SCV  
  32  6:53  Refinery  
  33  6:56  Marine  
  33  6:58  Missile Turret  
  33  6:59  SCV  
  33  7:00  SCV, Missile Turret  
  36  7:02  Refinery  
  36  7:07  Terran Infantry Armor Level 1, Marauder  
  38  7:11  SCV  
  38  7:12  SCV  
  40  7:18  Marauder  
  42  7:23  SCV, Bunker  
  42  7:24  SCV  
  42  7:28  Siege Tank, Raven  
  49  7:31  Armory  
  49  7:35  SCV  
  49  7:36  SCV  
  51  7:39  Cyclone  
  54  7:47  SCV  
  54  7:48  SCV  
  54  7:50  Viking  
  58  7:58  Barracks  
  58  7:59  SCV  
  58  8:01  SCV  
  60  8:09  Sensor Tower  
  60  8:10  Raven  
  60  8:11  SCV  
  63  8:13  SCV  
  63  8:16  Supply Depot  
  64  8:20  Thor  
  64  8:23  SCV  
  64  8:25  SCV  
  72  8:35  SCV  
  73  8:45  Barracks Reactor  
  73  9:28  Medivac x2, Reaper  
  73  9:31  Supply Depot, Marine  
  78  9:34  Marine  
  78  9:37  Reaper  
  81  9:40  Command Center  
  81  9:47  Terran Infantry Weapons Level 2  
  81  9:49  Marine  
  81  9:51  Marine  
  83  9:55  Supply Depot  
  83  9:58  Medivac, Raven  
  84  10:00  Marine  
  76  10:07  Reaper  
  76  10:09  Marine x2  
  67  10:14  Ghost Academy  
  67  10:18  Marauder  
  67  10:26  Marine  
  67  10:27  Marine  
  69  10:31  Raven  
  71  10:39  Reaper, Marine  
  71  10:41  Engineering Bay  
  71  10:42  Terran Vehicle Weapons Level 1  
  73  10:44  Marine  
  73  10:45  Marine  
  75  10:54  SCV  
  75  10:56  SCV  
  75  10:57  Ghost, SCV  
  77  11:02  Marine  
  77  11:03  Marine  
  82  11:05  Terran Infantry Armor Level 2  
  82  11:06  SCV  
  82  11:08  SCV  
  82  11:09  SCV  
  82  11:10  Missile Turret, Refinery  
  87  11:11  Marauder  
  87  11:14  Missile Turret  
  87  11:15  Refinery  
  87  11:17  Fusion Core  
  87  11:18  SCV  
  87  11:20  SCV, Marine  
  87  11:21  Marine  
  87  11:22  SCV  
  92  11:26  Marauder  
  92  11:29  Armory  
  92  11:30  SCV  
  92  11:32  SCV  
  98  11:33  Marauder, Bunker  
  98  11:34  SCV  
  99  11:43  SCV  
  99  11:44  SCV  
  99  11:46  SCV  
  102  12:16  Terran Ship Weapons Level 1  
  102  12:36  Terran Vehicle And Ship Armor Level 1  
  102  12:54  Marine  
  102  12:55  Marine x3  
  102  12:56  Terran Infantry Weapons Level 3  
  102  12:57  Supply Depot  
  106  13:12  Marine x2  
  106  13:13  Marauder, Marine  
  107  13:20  Supply Depot  
  90  13:30  Marine x3  
  90  13:31  Medivac  
  82  13:34  Marine  
  82  13:39  Raven  
  85  13:48  Marine x3  
  85  13:52  Marauder  
  85  13:55  Supply Depot  
  90  14:06  Marine x2  
  90  14:07  Marauder  
  94  14:13  Marine  
  95  14:24  Marine x2  
  96  14:28  Marauder  
  99  14:31  Marauder  
  99  14:32  Command Center  
  86  14:40  Medivac  
  86  14:41  Marine x2  
  86  14:45  Medivac  
  83  14:49  Marine  
  83  14:51  Hellion  
  79  14:53  Marauder  
  79  14:58  Hellion  
  79  14:59  Marine x2  
  76  15:07  Marine  
  76  15:10  Viking  
  76  15:14  Raven, Marine  
  67  15:16  Hellion  
  67  15:17  Marine x2  
  68  15:21  SCV  
  68  15:23  Hellion  
  68  15:24  Marine  
  58  15:32  Marine  
  58  15:35  Marine x2  
  54  15:38  Hellion  
  54  15:42  Marine  
  44  15:45  Hellion  
  44  15:49  Marine  
  44  15:53  Marine x2  
  44  15:57  Viking  
  44  15:59  Hellion, Refinery  
  44  16:00  Marine  
  44  16:03  Refinery  
  46  16:04  SCV  
  46  16:05  SCV  
  46  16:07  SCV, Marine  
  45  16:14  Starport  
  45  16:16  SCV  
  45  16:18  Marauder, SCV  
  41  16:19  SCV  
  37  16:27  Medivac  
  37  16:28  SCV  
  37  16:30  SCV  
  37  16:31  SCV  
  35  16:40  SCV  
  35  16:42  SCV  
  35  16:44  Barracks  
  35  16:46  Command Center  
  33  16:48  Factory  
  33  16:50  Medivac  
  33  16:53  Refinery  
  35  17:03  Command Center  
  35  17:08  Supply Depot  
  35  17:20  Medivac  
  37  17:28  Supply Depot  
  35  17:31  Orbital Command  
  35  17:32  Hellion  
  35  17:34  Starport  
  35  17:35  Marine  
  38  17:38  Barracks  
  38  17:41  Factory  
  36  17:50  SCV  
  26  18:02  SCV  
  24  18:12  Command Center  
  13  18:15  SCV  
  11  18:44  Command Center  
  1  19:57  SCV  
  2  20:09  SCV, Command Center  
  3  20:25  Command Center  
Tags
 
Add a new tag
Caveats
  • Supply blocks, unpowered buildings, or Contaminate may cause inaccurate times.
  • Supply counts are checked every 10 seconds.